 Dungeon Crawl Stone Soup version 0.31-a0-983-g7b6862f502 (webtiles) character file.

Game seed: 15547091957113317827

143 thriggle the Trooper (level 5, -1/42 HPs)
             Began as a Mummy Monk on Nov 2, 2023.
             Was a Believer of Okawaru.
             Slain by a gnoll
             ... wielding a +0 halberd
              (12 damage)
             ... on level 3 of the Dungeon.
             The game lasted 00:08:18 (1749 turns).

thriggle the Trooper (Mummy Monk)                   Turns: 1749, Time: 00:08:18

Health: -1/42      AC:  8    Str: 18    XL:     5   Next: 4%
Magic:  6/6        EV: 10    Int: 11    God:    Okawaru [**....]
Gold:   61         SH:  0    Dex: 14    Spells: 6/6 levels left

rFire   x . .        a - +1 mace (elec)
rCold   + . .        (no shield)
rNeg    + + +        i - +2 scale mail "Favoss" {Rampage *Corrode rPois Str+3}
rPois   ∞            (no helmet)
rElec   .            (no cloak)
rCorr   .            (no gloves)
SInv    .            (no boots)
Will    .....        (no amulet) Stlth
                     (no ring)
HPRegen 0.27/turn    (no ring)
MPRegen 0.10/turn

%: corrode self (3%), rampage, faith
@: no status effects
A: cold resistance 1, negative energy resistance 3, torment resistance 2, heat
vulnerability 1, in touch with death 1, no potions, faith
a: Renounce Religion, Heroism


You were on level 3 of the Dungeon.
You worshipped Okawaru.
Okawaru was pleased with you.
You visited 1 branch of the dungeon, and saw 3 of its levels.

You collected 61 gold pieces.

Inventory:

Hand Weapons
 a - a +1 mace of electrocution (weapon)
 n - a +0 flail
Missiles
 e - 31 stones
 m - 6 javelins
Armour
 b - a +0 robe
 c - an orb of light
 d - an orb of guile
 i - the +2 scale mail "Favoss" (worn) {Rampage *Corrode rPois Str+3}
   (You found it on level 2 of the Dungeon)

   Str+3:     It affects your strength (+3).
   rPois:     It protects you from poison *Corrode: It may corrode you when you
   take damage.
   Rampage:   It bestows one free step when moving towards enemies.
Jewellery
 j - a ring of magical power
Scrolls
 f - a scroll of noise
 g - a scroll of brand weapon
 h - a scroll of enchant weapon
 k - 4 scrolls of amnesia
 l - a scroll of identify
 o - a scroll of silence {unknown}


   Skills:
 + Level 3.6 Fighting
 + Level 3.0 Maces & Flails
 + Level 0.4 Throwing
 + Level 1.2 Armour
 + Level 3.0 Dodging
 + Level 1.2 Stealth
 - Level 1.0 Spellcasting
 - Level 0.6 Hexes


You had 6 spell levels left.
You didn't know any spells.
Your spell library contained the following spells:

 Spells                   Type           Power      Damage    Failure   Level
 Dimensional Bullseye     Hex/Tloc       0%         N/A       100%        4
 Iskenderun's Mystic Bla  Conj/Tloc      0%         2d3       100%        4
 Tukima's Dance           Hex            Unusable   N/A       N/A         3

Dungeon Overview and Level Annotations

Branches:
Dungeon (3/15)

Altars:
Okawaru
Qazlal


Innate Abilities, Weirdness & Mutations

You are immune to poison.
Your flesh is cold resistant. (rC+)
You are immune to negative energy. (rN+++)
You are immune to unholy pain and torment.
You are vulnerable to heat. (rF-)
You are in touch with the powers of death.
You do not drink.
You have a special connection with the divine. (Faith)


Message History

o - a scroll labelled ROYLAQ DUMED
Found 11 gold pieces.
Found a spear.
You now have 61 gold pieces (gained 11).
You hear the rusting of a very distant drain.
You see here a gnoll corpse.
The gnoll shouts!
You rampage towards the gnoll!
The gnoll closely misses you.
You barely miss the gnoll.
The gnoll shouts!
The gnoll barely misses you.
You barely miss the gnoll. The gnoll hits you with a +0 flail.
The gnoll hits you from afar with a +0 halberd.
You hit the gnoll but do no damage. Lightning courses through the gnoll!
The gnoll is heavily wounded.
The gnoll barely misses you. The gnoll misses you.
You hit the gnoll. Lightning courses through the gnoll!
You kill the gnoll!
Okawaru accepts your kill. The gnoll barely misses you. x2
The gnoll hits you from afar with a +0 halberd!
The gnoll hits you with a +0 whip.
Your Maces & Flails skill increases to level 3!
Your Dodging skill increases to level 3!
You have reached level 5!
You feel stronger.
You rampage towards the gnoll!
You hit the gnoll.
The gnoll is lightly wounded.
The gnoll completely misses you. The gnoll hits you with a +0 whip.
You hit the gnoll but do no damage.
The gnoll is lightly wounded.
The gnoll hits you with a +0 halberd. The gnoll hits you with a +0 whip!
* * * LOW HITPOINT WARNING * * *
You closely miss the gnoll.
The gnoll is lightly wounded.
The gnoll barely misses you. x2
You closely miss the gnoll.
The gnoll is lightly wounded.
The gnoll hits you with a +0 halberd!
You die...

##### .......#........ ###
(..#####........ ..### ..#
#......... #...##.###.
..[..........## ..#.....##.##.
##............. #.#...#.......
#.?..........
#...#.......######............
......###......g).............
................@g............
......................).......
..............................
†........................[....
..............................
.........#########...<........
#........# #............
#........# #............
.######### ##...........


You could see 2 gnolls.

Vanquished Creatures
  Robin (D:2)
  An adder (D:2)
  6 gnolls
  A dart slug (D:1)
  2 orcs (D:3)
  A ball python (D:2)
  7 endoplasms
  A giant cockroach (D:1)
  13 goblins
  8 hobgoblins
  4 quokkas
  6 bats
  4 frilled lizards
  3 kobolds (D:1)
  2 rats
60 creatures vanquished.

Notes
Turn   | Place    | Note
-------+----------+-------------------------------------------
     0 | D:1      | thriggle the Mummy Monk began the quest for the Orb.
     0 | D:1      | Reached XP level 1. HP: 18/18 MP: 1/1
   103 | D:1      | Reached XP level 2. HP: 14/24 MP: 2/2
   649 | D:2      | Reached XP level 3. HP: 29/29 MP: 3/3
   684 | D:2      | Identified the +2 scale mail "Favoss" {Rampage *Corrode
                  | rPois Str+3}
   722 | D:2      | Found an iron altar of Okawaru.
   737 | D:2      | Became a worshipper of Warmaster Okawaru
   737 | D:2      | Reached * piety under Okawaru
   737 | D:2      | Reached ** piety under Okawaru
   992 | D:2      | Noticed Robin
  1015 | D:2      | Killed Robin
  1122 | D:2      | Reached skill level 1 in Armour
  1122 | D:2      | Reached XP level 4. HP: 35/35 MP: 5/5
  1455 | D:3      | Reached skill level 1 in Spellcasting
  1518 | D:3      | Found a stormy altar of Qazlal.
  1569 | D:3      | Reached skill level 1 in Stealth
  1746 | D:3      | Reached XP level 5. HP: 25/42 MP: 6/6
  1749 | D:3      | Slain by a gnoll

Illustrated notes

Levels and vault maps discovered:
D:1:      amcnicky_arrival_double_pillar, layout_rooms
D:2:      layout_basic, basic_altar, minmay_misc_feat_rugged, uniq_robin
D:3:      layout_rooms, nicolae_qazlal_eye_of_the_storm, gup_sewer_entry_bowl

Skill      XL: |  1  2  3  4 |
---------------+-------------+-----
Armour         | 1 |  1.2
Spellcasting   | 1 |  1.0
Stealth        | 1 |  1.2
Maces & Flails | 3 |  3.0
Dodging        | 3 |  3.0
Fighting       | |  3.6
Throwing       | |  0.4
Hexes          | |  0.6

Action                     |  1- 3 |  4- 6 || total
---------------------------+-------+-------++-------
  Melee: Mace              |   107 |    43 ||   150
    Use: Scroll            |     4 |     4 ||     8
 Armour: Robe              |    35 |       ||    35
         Scale mail        |    44 |    22 ||    66
  Dodge: Dodged            |    79 |    33 ||   112

Table legend: (Time is in decaauts)
 A = Elapsed time spent in this place.
 B = Non-inter-level travel time spent in this place.
 C = Inter-level travel time spent in this place.
 D = Time resting spent in this place.
 E = Time spent auto-exploring this place.
 F = Levels seen in this place.
 G = Mean time per level.
                   A        B        C        D        E       F      G
               +--------+--------+--------+--------+--------+-----+--------+
         Total |   1787 |   1664 |    123 |      0 |    793 |   3 |  595.7 |
       Dungeon |   1787 |   1664 |    123 |      0 |    793 |   3 |  595.7 |
               +--------+--------+--------+--------+--------+-----+--------+

Top non-repeatable levels by time:
     D:2: 1030 daAuts
     D:1: 529 daAuts
     D:3: 226 daAuts
